 Dungeon Crawl Stone Soup version 0.31-a0-675-g238779eb0a (webtiles) character file.

Game seed: 9961526959391628658

133 Essalna the Conjurer (level 4, -3/30 HPs)
             Began as a Demonspawn Conjurer on Sept 5, 2023.
             Succumbed to a scorpion's poison
             ... on level 4 of the Dungeon.
             The game lasted 00:04:39 (2523 turns).

Essalna the Conjurer (Demonspawn Conjurer)          Turns: 2523, Time: 00:04:39

Health: -3/30      AC:  2    Str:  7    XL:     4   Next: 93%
Magic:  2/9        EV: 12    Int: 21    God:
Gold:   177        SH:  0    Dex: 12    Spells: 7/10 levels left

rFire   . . .        n - +0 long sword
rCold   . . .        (no shield)
rNeg    . . .        a - +0 robe
rPois   .            (no helmet)
rElec   .            (no cloak)
rCorr   .            (no gloves)
SInv    .            (no boots)
Will    .....        (no amulet)
Stlth   ++           (no ring)
HPRegen 0.25/turn    (no ring)
MPRegen 0.22/turn

%: no passive effects
@: lethally poisoned (-3 -> -32)
A: powered by pain 1, magic regeneration
a: no special abilities


You were on level 4 of the Dungeon.
You visited 1 branch of the dungeon, and saw 4 of its levels.

You collected 177 gold pieces.

Inventory:

Hand Weapons
 n - a +0 long sword (weapon)
Missiles
 k - a throwing net
Armour
 a - a +0 robe (worn)
Jewellery
 e - a ring of flight
 q - a +6 ring of strength
Scrolls
 g - a scroll of identify {unknown}
 h - a scroll of revelation {unknown}
 i - a scroll of summoning {unknown}
 j - a scroll of torment {unknown}
 m - a scroll of teleportation {unknown}
Potions
 b - 2 potions of magic
 c - 2 potions of might {unknown}
 d - 5 potions of curing {unknown}
 f - 2 potions of heal wounds {unknown}
 l - 2 potions of lignification {unknown}
 o - a potion of invisibility {unknown}
 p - a potion of degeneration {unknown}


   Skills:
 - Level 1.7 Dodging
 - Level 1.7 Stealth
 + Level 3.6 Spellcasting
 + Level 5.2 Conjurations


You had 7 spell levels left.
You knew the following spells:

 Your Spells              Type           Power      Damage    Failure   Level
a - Magic Dart            Conj           100%       1d8       1%          1
b - Searing Ray           Conj           50%        2d6       2%          2

Your spell library contained the following spells:

 Spells                   Type           Power      Damage    Failure   Level
 Dazzling Flash           Conj/Hex       28%        N/A       13%         3
 Fulminant Prism          Conj/Hex       7%         3d7       38%         4
 Iskenderun's Mystic Bla  Conj/Tloc      14%        2d5       38%         4


Dungeon Overview and Level Annotations

Branches:
Dungeon (4/15)
 Temple: D:4-7

Altars:
Kikubaaqudgha

Shops:
D:2 [


Innate Abilities, Weirdness & Mutations

You sometimes gain a little power by taking damage.
You regenerate magic rapidly.


Message History

Press: ? - help, Shift-Dir - straight line, f/p - scorpion
Aim: a scorpion (79% to hit)
The searing ray hits the scorpion.
The scorpion is lightly wounded. (Press . to maintain the ray.)
The searing ray hits the scorpion.
The scorpion is moderately wounded.
The searing ray hits the scorpion!
The scorpion is almost dead.
The scorpion stings you.
The searing ray misses the scorpion.
You finish channelling your searing ray.
The scorpion stings you but does no damage.
The scorpion stings you.
You hit the scorpion.
The scorpion is almost dead.
The scorpion stings you.
You are poisoned.
The scorpion poisons you!
You closely miss the scorpion.
The scorpion is almost dead.
You feel very sick. The scorpion stings you.
You are lethally poisoned!
The scorpion poisons you! The scorpion misses you.
You closely miss the scorpion.
The scorpion is almost dead.
You feel very sick.
The orc wizard shouts!
You hear a shout! x2
The scorpion barely misses you.
The orc wizard casts a spell.
The orc wizard flickers and vanishes!
Deactivating autopickup; reactivate with Ctrl-A.
The scorpion stings you.
* * * LOW HITPOINT WARNING * * *
You are more poisoned.
The scorpion poisons you!
You hit the scorpion.
You kill the scorpion!
You die...

#.......#####
#....####..⌠#
#....#......#
#...##......#
##...#...#...##
#....#...#....#
#...##...##...#
#...#.....#...#
#...#.....#@..#
#...#.....#†..#
#...#..⌠..#...#
#...#.....#...#
#...#.)...#...#
#...#.....#...#
#...##...##{..#
#....#...#....#
##...#...#


There were no monsters in sight!

Vanquished Creatures
  A scorpion (D:4)
  A hound (D:4)
  4 adders
  A worm (D:2)
  2 dart slugs
  An orc (D:3)
  4 ball pythons
  5 endoplasms
  A giant cockroach (D:2)
  3 hobgoblins
  7 jackals
  A quokka (D:1)
  8 bats
  4 frilled lizards
  5 goblins
  4 kobolds
  8 rats
60 creatures vanquished.

Notes
Turn   | Place    | Note
-------+----------+-------------------------------------------
     0 | D:1      | Essalna the Demonspawn Conjurer began the quest for the
                  | Orb.
     0 | D:1      | Reached XP level 1. HP: 13/13 MP: 3/3
   291 | D:2      | Gained mutation: You regenerate magic rapidly. [demonic
                  | ancestry]
   291 | D:2      | Reached XP level 2. HP: 8/19 MP: 0/5
   392 | D:2      | Gained mutation: You sometimes gain a little power by
                  | taking damage. [demonic ancestry]
   392 | D:2      | Reached XP level 3. HP: 24/24 MP: 4/7
   686 | D:2      | Found Cuomog's Antique Armour Boutique.
  1018 | D:1      | Learned a level 2 spell: Searing Ray
  1709 | D:3      | Reached XP level 4. HP: 30/30 MP: 1/8
  2074 | D:3      | Found an ancient bone altar of Kikubaaqudgha.
  2118 | D:3      | Reached skill level 5 in Conjurations
  2265 | D:3      | Found a faded altar of an unknown god.
  2512 | D:4      | Noticed a scorpion
  2523 | D:4      | Killed a scorpion
  2523 | D:4      | Succumbed to a scorpion's poison

Illustrated notes

Levels and vault maps discovered:
D:1:      dpeg_arrival_arbitrary_a, layout_basic
D:2:      layout_basic, serial_shops, shop, minmay_surrounded
D:3:      layout_rooms, mainiacjoe_overflow_alcove_4,
          shapermc_ecumenical_altar_notcrosses, minivault_11,
          amcnicky_mini_corridor_feature
D:4:      kennysheep_spiral_hall, layout_gridville,
          mainiacjoe_overflow_tiny_flanked, gammafunk_ghost_arena

Skill      XL: |  1  2  3  4 |
---------------+-------------+-----
Spellcasting   | 3 |  3.6
Conjurations   | 5 |  5.2
Dodging        | |  1.7
Stealth        | |  1.7

Action                     |  1- 3 |  4- 6 || total
---------------------------+-------+-------++-------
  Melee: Unarmed           |    15 |       ||    15
         Long sword        |       |    11 ||    11
   Cast: Magic Dart        |    82 |    33 ||   115
         Searing Ray       |       |     1 ||     1
 Armour: Robe              |    11 |    14 ||    25
  Dodge: Dodged            |    19 |     7 ||    26

Table legend: (Time is in decaauts)
 A = Elapsed time spent in this place.
 B = Non-inter-level travel time spent in this place.
 C = Inter-level travel time spent in this place.
 D = Time resting spent in this place.
 E = Time spent auto-exploring this place.
 F = Levels seen in this place.
 G = Mean time per level.
                   A        B        C        D        E       F      G
               +--------+--------+--------+--------+--------+-----+--------+
         Total |   2528 |   2354 |    174 |      0 |   2052 |   4 |  632.0 |
       Dungeon |   2528 |   2354 |    174 |      0 |   2052 |   4 |  632.0 |
               +--------+--------+--------+--------+--------+-----+--------+

Top non-repeatable levels by time:
     D:1: 914 daAuts
     D:2: 786 daAuts
     D:3: 697 daAuts
     D:4: 130 daAuts
